 Dungeon Crawl Stone Soup version 0.32-a0-422-g28b100f (webtiles) character file.

Game seed: 7645329508032302797

220 Nithhogg the Trooper (level 5, -1/47 HPs)
             Began as a Mountain Dwarf Fighter on Feb 21, 2024.
             Engulfed by an orc wizard's steam (10 damage)
             ... on level 3 of the Dungeon.
             The game lasted 00:03:30 (2243 turns).

Nithhogg the Trooper (Mountain Dwarf Fighter)       Turns: 2243, Time: 00:03:30

Health: -1/47      AC:  7    Str: 20    XL:     5   Next: 64%
Magic:  5/5        EV:  9    Int:  9    God:
Gold:   151        SH:  4    Dex:  9    Spells: 4/4 levels left

rFire   . . .        a - +0 war axe
rCold   . . .        c - +0 buckler
rNeg    . . .        b - +0 scale mail
rPois   .            (no helmet)
rElec   .            (no cloak)
rCorr   .            (no gloves)
SInv    .            (no boots)
Will    .....        (no amulet) Stlth
                     f - ring of flight
HPRegen 0.27/turn    (no ring)
MPRegen 0.09/turn

%: no passive effects
@: flying
A: runic magic, artefact enchanting
a: no special abilities


You were on level 3 of the Dungeon.
You visited 1 branch of the dungeon, and saw 3 of its levels.

You collected 151 gold pieces.

Inventory:

Hand Weapons
 a - a +0 war axe (weapon)
Missiles
 d - 5 poisoned darts
 g - 4 curare-tipped darts (quivered)
Armour
 b - a +0 scale mail (worn)
 c - a +0 buckler (worn)
Jewellery
 f - a ring of flight (left hand)
 j - an amulet of reflection
Wands
 m - a wand of acid (6)
 o - a wand of flame (12)
Scrolls
 e - a scroll of teleportation {unknown}
 h - 2 scrolls of immolation {unknown}
 i - a scroll of fog {unknown}
 k - a scroll of identify {unknown}
 l - a scroll of torment {unknown}
 n - a scroll of brand weapon {unknown}


   Skills:
 + Level 4.6 Fighting
 + Level 4.1 Axes
 + Level 4.5 Armour
 + Level 1.8 Dodging
 - Level 3.2 Shields


You had 4 spell levels left.
You didn't know any spells.
Your spell library was empty.

Dungeon Overview and Level Annotations

Branches:
Dungeon (3/15)

Altars:
Ashenzari
Hepliaklqana
Sif Muna

Shops:
D:1 *


Innate Abilities, Weirdness & Mutations

Your spellcasting is much less encumbered by armour.
You can use scrolls of enchantment on lesser artefacts.


Message History

You hit something but do no damage.
You hear some strange, mumbled words.
Something tries to affect you, but you resist.
Something hits you but does no damage.
You barely miss something. Something hits you but does no damage.
You closely miss something.
You hear some strange, mumbled words.
A magic dart appears from out of thin air!
The magic dart hits you.
You barely miss something. Something hits you but does no damage.
You hear some strange, mumbled words.
A magic dart appears from out of thin air!
The magic dart hits you.
You hit something.
You hear some strange, mumbled words.
You are confused.
You bump into the crystal wall.
You hear some strange, mumbled words.
A magic dart appears from out of thin air!
The magic dart hits you.
You bump into the crystal wall.
Something hits you but does no damage.
You barely miss something. Something hits you but does no damage.
You hear some strange, mumbled words.
A magic dart appears from out of thin air!
The magic dart hits you! Something hits you.
You bump into the crystal wall.
Something hits you but does no damage.
You feel less confused.
There is a strange disturbance nearby!
Something hits you but does no damage.
You hit something. Something hits you. Something hits you but does no damage.
You miss something. Something hits you but does no damage.
You miss something.
You hear some strange, mumbled words.
A puff of flame appears from out of thin air!
The puff of flame hits you!
* * * LOW HITPOINT WARNING * * *
You miss something.
You are engulfed in a cloud of scalding steam.
You die...

### ####.###
#..<...# #####
####.##.#.# #{>.#
#.......#.# #@≈≈#
#.##.####.# #...#
#.#.....#.# #...#
#.....#.#.# ###'###
####...#.#.# #.ß.ß.#
#.#......#.# #.._..#
#.#.#..#.#.####...##
#>............##.##
#...#..#...####(.#


There were no monsters in sight!

Vanquished Creatures
  A bombardier beetle (D:3)
  3 orc wizards
  An adder (D:2)
  4 ribbon worms
  A dart slug (D:2)
  3 orcs (D:2)
  7 bats
  8 endoplasms
  5 goblins
  2 hobgoblins
  2 jackals (D:1)
  2 quokkas (D:3)
  4 ball pythons
  6 frilled lizards
  3 kobolds
  4 rats
56 creatures vanquished.

Notes
Turn   | Place    | Note
-------+----------+-------------------------------------------
     0 | D:1      | Nithhogg the Mountain Dwarf Fighter began the quest for the
                  | Orb.
     0 | D:1      | Reached XP level 1. HP: 19/19 MP: 1/1
    95 | D:1      | Reached XP level 2. HP: 26/26 MP: 2/2
   208 | D:1      | Found Wiucreet's Assorted Antiques.
   832 | D:2      | Reached XP level 3. HP: 31/33 MP: 3/3
   893 | D:2      | HP: 1/33 [frozen (5)]
  1069 | D:2      | Reached skill level 1 in Dodging
  1121 | D:2      | Reached XP level 4. HP: 39/40 MP: 4/4
  1398 | D:2      | Reached XP level 5. HP: 45/46 MP: 5/5
  1404 | D:2      | Found a hazy altar of Hepliaklqana.
  1781 | D:3      | Found a broken altar of Ashenzari.
  2159 | D:3      | Found a shimmering blue altar of Sif Muna.
  2243 | D:3      | Engulfed by an orc wizard's steam

Illustrated notes

Levels and vault maps discovered:
D:1:      denvon_arrival_waterhouse, layout_loops_ring, serial_shops,
          shop_coins, wander_ebering_terrifying_dragon_lair
D:2:      layout_rooms, basic_altar, hangedman_abyss_or_decor_lesser_grid
D:3:      layout_basic, led_sif_book, mainiacjoe_overflow_catwalk,
          old_standard_altar

Skill      XL: |  1  2  3  4  5 |
---------------+----------------+-----
Axes           | 3 4 |  4.1
Dodging        | 1 |  1.8
Fighting       | 4 |  4.6
Armour         | 4 |  4.5
Shields        | |  3.2

Action                     |  1- 3 |  4- 6 || total
---------------------------+-------+-------++-------
  Melee: War axe           |    96 |   108 ||   204
    Use: Potion            |     2 |     1 ||     3
 Armour: Scale mail        |    73 |    96 ||   169
  Dodge: Dodged            |    54 |    41 ||    95
  Block: Buckler           |    23 |    15 ||    38

Table legend: (Time is in decaauts)
 A = Elapsed time spent in this place.
 B = Non-inter-level travel time spent in this place.
 C = Inter-level travel time spent in this place.
 D = Time resting spent in this place.
 E = Time spent auto-exploring this place.
 F = Levels seen in this place.
 G = Mean time per level.
                   A        B        C        D        E       F      G
               +--------+--------+--------+--------+--------+-----+--------+
         Total |   2316 |   2242 |     74 |      0 |   1728 |   3 |  772.0 |
       Dungeon |   2316 |   2242 |     74 |      0 |   1728 |   3 |  772.0 |
               +--------+--------+--------+--------+--------+-----+--------+

Top non-repeatable levels by time:
     D:2: 913 daAuts
     D:1: 842 daAuts
     D:3: 560 daAuts
